Map: Selva profunda EE

Players

TATORREA

  • Race: Protoss Protoss
  • League: Gold
  • Spawn Location: 7:00

tigro

  • Race: Terran Terran
  • League: Bronze
  • Spawn Location: 7:00

MrFercho

  • Race: Zerg Zerg
  • League: Gold
  • Spawn Location: 7:00

Thalinden

  • Race: Terran Terran
  • Spawn Location: 1:00

Voidwalker

  • Race: Protoss Protoss
  • League: Silver
  • Spawn Location: 3:00

Majandra

  • Race: Zerg Zerg
  • League: Gold
  • Spawn Location: 1:00

VOD

Have the link to the VOD?

Description

Time

  • Played on: Aug. 14, 2020, 9:48 p.m.
  • Length: 15:54
Show
View Real Time Build Order
Export as new Build Order

TATORREA Protoss 

Build Orders: Mass Adepts 

Get SALT Encoding   

  12  0:03  Probe  
  13  0:15  Probe  
  14  0:29  Pylon  
  14  0:33  Probe (Chrono Boost)  
  15  0:47  Probe (Chrono Boost)  
  16  0:54  Probe  
  17  0:58  Gateway  
  17  0:59  Gateway  
  17  1:06  Probe  
  18  1:14  Assimilator  
  18  1:18  Probe  
  18  1:25  Pylon  
  18  1:30  Assimilator, Probe  
  19  1:42  Probe  
  20  1:53  Pylon  
  20  1:54  Probe  
  20  1:55  Cybernetics Core  
  21  2:06  Probe  
  22  2:15  Gateway  
  22  2:17  Gateway  
  22  2:18  Probe  
  23  2:33  Warp Gate  
  23  2:37  Adept x2  
  27  2:47  Twilight Council  
  27  3:04  Adept  
  29  3:07  Adept x2  
  29  3:10  Adept  
  29  3:11  Resonating Glaives (Chrono Boost)  
  35  3:26  Pylon  
  35  3:34  Adept  
  35  3:37  Adept  
  39  3:53  Adept  
  41  3:56  Adept  
  43  4:04  Pylon  
  43  4:25  Adept x2  
  47  4:33  Adept  
  47  4:35  Adept  
  51  5:02  Pylon  
  51  5:03  Nexus  
  51  5:05  Pylon  
  29  5:54  Probe  
  24  6:06  Probe  
  24  6:10  Charge  
  26  6:18  Probe  
  26  6:22  Robotics Facility  
  26  6:23  Robotics Facility  
  26  6:27  Gateway  
  26  6:29  Probe  
  26  6:30  Gateway, Probe  
  28  6:33  Gateway  
  28  6:36  Gateway  
  28  6:41  Probe  
  28  6:42  Probe  
  28  6:45  Zealot  
  32  6:50  Zealot  
  32  6:53  Probe  
  35  6:54  Probe  
  36  7:05  Probe  
  36  7:06  Probe  
  38  7:17  Probe, Zealot x2  
  38  7:18  Zealot x2  
  38  7:19  Probe  
  48  7:34  Probe x2  
  50  7:45  Zealot x3  
  50  7:47  Zealot  
  58  7:51  Zealot  
  58  7:56  Assimilator  
  60  7:58  Assimilator  
  60  8:07  Zealot x2  
  60  8:08  Zealot x2  
  68  8:19  Probe x2  
  70  8:40  Nexus  
  70  8:43  Pylon  
  70  8:46  Pylon  
  70  8:50  Immortal, Observer  
  75  9:01  Zealot x3  
  81  9:11  Immortal  
  85  9:19  Probe x2  
  87  9:29  Immortal  
  91  9:31  Probe  
  91  9:32  Probe  
  93  9:42  Templar Archives  
  93  9:46  Forge  
  93  9:47  Forge  
  93  9:50  Probe x2  
  95  9:54  Probe  
  96  10:02  Probe x2  
  96  10:06  Probe  
  99  10:08  Immortal  
  103  10:18  Immortal  
  103  10:19  Probe  
  103  10:20  Probe  
  109  10:21  Probe  
  110  10:30  Assimilator  
  110  10:32  Probe x2  
  110  10:34  Probe  
  110  10:35  Assimilator  
  113  10:44  Probe x2  
  115  11:02  Pylon  
  115  11:06  Pylon  
  115  11:10  Pylon  
  115  11:14  Pylon  
  115  11:20  Immortal x2  
  123  11:30  Probe  
  124  11:36  Stalker x2  
  124  11:37  Stalker  
  124  11:38  Stalker x2  
  124  11:39  Stalker  
  136  11:41  Protoss Ground Weapons Level 1 (Chrono Boost), Nexus  
  136  11:42  Protoss Shields Level 1 (Chrono Boost)  
  136  11:43  Pylon  
  136  11:45  Pylon  
  136  11:51  High Templar x2  
  140  11:56  Archon  
  140  12:01  High Templar x4  
  142  12:02  High Templar x2  
  142  12:06  Archon x3  
  113  12:36  High Templar x3  
  69  12:37  High Templar x5  
  69  12:41  Archon x4  
  59  13:09  Zealot x2  
  59  13:10  Zealot x5  
  69  13:32  Gateway  
  69  13:34  Gateway  
  67  13:36  Gateway  
  67  13:38  Gateway  
  67  13:39  Zealot x4  
  67  13:40  Zealot x3  
  73  13:45  Gateway  
  73  13:48  Gateway  
  73  13:50  Gateway  
  73  13:52  Gateway  
  73  13:54  Gateway  
  73  14:01  High Templar  
  73  14:02  High Templar x6  
  73  14:06  Archon x3  
  73  14:08  Gateway  
  73  14:10  Gateway  
  73  14:13  Gateway  
  73  14:16  Gateway, Robotics Bay  
  73  14:23  Pylon  
  69  14:27  Pylon  
  69  14:30  Pylon  
  65  14:35  Pylon  
  65  14:36  Gateway  
  65  14:37  Gateway  
  59  14:40  Gateway  
  59  14:42  Gateway  
  59  14:44  Gateway, Zealot x2  
  59  14:45  Zealot  
  65  14:46  Gateway  
  65  14:54  High Templar x2  
  65  14:55  High Templar x4  
  65  14:59  High Templar  
  79  15:03  Archon x2  
  79  15:04  Archon  
  73  15:14  High Templar  
  75  15:21  Archon  
  71  15:34  Zealot  
  71  15:35  Zealot x5  
  71  15:36  Zealot x4  
  71  15:37  Zealot x3  
  71  15:38  Zealot  
  82  15:47  Zealot  
  82  15:48  Zealot x2  
Show
View Real Time Build Order
Export as new Build Order

tigro Terran 

Build Orders:  

Get SALT Encoding   

  12  0:14  SCV  
  13  0:23  Supply Depot  
  13  0:26  SCV  
  14  0:38  SCV  
  15  0:50  SCV  
  15  0:53  Barracks  
  16  0:59  Supply Depot  
  16  1:02  SCV  
  16  1:03  Refinery  
  17  1:14  SCV  
  18  1:26  SCV  
  19  1:38  SCV  
  20  1:42  Marine  
  21  1:49  Refinery  
  21  1:50  SCV  
  22  2:00  Marine  
  23  2:03  SCV  
  24  2:15  SCV  
  25  2:17  Factory  
  25  2:18  Marine  
  26  2:33  Orbital Command  
  26  2:36  Marine  
  27  2:54  Marine  
  28  3:09  Factory Tech Lab  
  28  3:11  Engineering Bay  
  28  3:12  Barracks Tech Lab  
  28  3:26  Barracks  
  28  3:40  Starport  
  28  3:45  Siege Tank  
  31  3:48  Command Center  
  31  3:52  Combat Shield  
  31  4:04  Terran Infantry Weapons Level 1  
  31  4:17  Siege Tank  
  34  4:37  Refinery  
  34  4:39  Medivac  
  36  4:49  Missile Turret  
  36  5:03  Refinery  
  36  5:09  Missile Turret, Siege Tank  
  36  5:13  Starport Tech Lab  
  39  5:31  Missile Turret  
  39  5:39  Barracks Reactor  
  39  5:40  Marine  
  40  5:58  Marine  
  40  6:03  Missile Turret  
  33  6:16  Marine  
  34  6:23  Missile Turret  
  34  6:25  Stimpack  
  34  6:28  Terran Infantry Armor Level 1  
  34  6:33  Marine  
  34  6:38  Armory  
  35  6:42  SCV  
  35  6:46  Missile Turret  
  35  6:47  Marine  
  36  6:51  Marine  
  38  6:54  SCV  
  39  7:06  SCV  
  36  7:18  SCV  
  34  7:26  Medivac, Fusion Core  
  36  7:30  SCV  
  36  7:31  Marine x3  
  40  7:42  SCV  
  41  7:49  Marine x3  
  44  7:55  SCV  
  44  7:56  Medivac  
  47  8:07  Marine x3, SCV  
  47  8:10  Terran Vehicle Weapons Level 1  
  51  8:19  SCV  
  52  8:22  Neosteel Armor  
  52  8:25  Marine x2  
  52  8:26  Missile Turret  
  54  8:46  Thor  
  60  8:53  SCV  
  61  9:01  Missile Turret  
  61  9:05  SCV  
  61  9:07  Weapon Refit  
  62  9:26  Missile Turret  
  62  9:32  Supply Depot  
  62  9:54  Thor, SCV  
  62  9:56  Supply Depot  
  62  9:59  Command Center  
  69  10:02  Hi-Sec Auto Tracking  
  69  10:04  Terran Vehicle And Ship Armor Level 1  
  69  10:06  SCV  
  70  10:17  Battlecruiser  
  70  10:18  SCV  
  77  10:37  Siege Tank  
  80  10:46  Starport  
  80  10:48  Rapid Reignition System  
  80  10:59  Terran Infantry Weapons Level 2  
  80  11:13  Refinery  
  49  11:40  Marine x3  
  49  11:43  Battlecruiser  
  58  11:48  Starport Tech Lab  
  58  11:53  Thor  
  61  11:57  Marine  
  61  11:58  Terran Ship Weapons Level 1, Marine x2  
  58  12:15  Marine x3  
  54  12:19  Planetary Fortress  
  56  12:31  Medivac  
  56  12:33  Marine x3  
  56  12:36  Thor  
  64  12:37  SCV  
  59  12:47  Battlecruiser  
  59  12:51  Marine x3  
  61  13:28  Planetary Fortress  
  61  13:41  Battlecruiser  
  61  13:43  Marine  
  61  13:45  Marine  
  69  13:49  SCV  
  69  13:51  Medivac  
  72  14:01  SCV  
  66  14:21  Battlecruiser  
  46  14:42  Marine x3  
  37  15:00  Marine x3  
  33  15:18  Marine x3  
  31  15:36  Marine x2  
Show
View Real Time Build Order
Export as new Build Order

MrFercho Zerg 

Build Orders: Pool First, Lurkers 

Get SALT Encoding   

  12  0:19  Spawning Pool  
  11  0:22  Drone  
  11  0:27  Drone  
  13  0:32  Drone  
  14  0:41  Overlord  
  14  0:51  Extractor, Drone  
  14  0:59  Drone  
  15  1:05  Drone  
  15  1:10  Queen  
  18  1:19  Overlord  
  18  1:29  Zergling x2  
  19  1:43  Zergling x2  
  20  1:51  Zergling x2  
  21  1:59  Metabolic Boost  
  21  2:00  Drone  
  22  2:10  Drone  
  23  2:21  Drone x3  
  26  2:33  Hatchery  
  25  2:54  Zergling x2  
  25  2:55  Zergling x4  
  28  3:02  Drone x2  
  28  3:03  Overlord  
  30  3:28  Drone  
  30  3:29  Drone  
  32  3:37  Drone x3  
  35  3:51  Queen  
  35  3:52  Overlord x2  
  35  3:53  Drone  
  38  3:55  Drone  
  39  4:03  Drone x3  
  39  4:09  Drone x2  
  44  4:10  Baneling Nest  
  43  4:17  Drone x2  
  45  4:30  Overlord x2  
  45  4:32  Hatchery  
  44  4:40  Zergling x4  
  46  4:48  Zergling x6  
  46  4:51  Zergling x2  
  50  5:01  Overlord x2  
  50  5:06  Baneling  
  50  5:07  Baneling x15  
  50  5:08  Zergling x2  
  50  5:09  Zergling x4  
  53  5:22  Lair  
  53  5:23  Zergling x2  
  53  5:24  Zergling x8  
  58  5:30  Zergling x2  
  54  5:47  Zergling x2  
  54  5:48  Zergling x16  
  59  5:55  Zergling x4  
  57  6:04  Zergling x2  
  57  6:05  Zergling x4  
  59  6:11  Zergling x2  
  58  6:21  Zergling x6  
  56  6:32  Zergling x2  
  57  6:33  Zergling x4  
  59  6:44  Zergling x6  
  48  7:28  Hydralisk Den  
  47  7:32  Extractor  
  47  7:33  Extractor  
  45  7:43  Evolution Chamber  
  45  7:44  Evolution Chamber, Drone x3  
  45  7:45  Hatchery  
  45  7:46  Drone x3  
  45  7:47  Drone x3  
  45  7:48  Drone  
  52  7:51  Drone  
  52  7:52  Drone x2  
  52  7:53  Drone x3  
  52  7:56  Extractor  
  57  7:59  Overlord x4  
  57  8:09  Muscular Augments  
  57  8:14  Lurker Den  
  56  8:31  Infestation Pit  
  55  8:35  Zerg Ground Armor Level 1  
  55  8:50  Drone x16  
  71  9:09  Overlord x3  
  71  9:10  Overlord  
  71  9:14  Hydralisk x9  
  89  9:21  Grooved Spines  
  89  9:28  Extractor, Drone x3  
  89  9:30  Extractor, Drone x2  
  89  9:31  Drone  
  93  9:34  Hive  
  93  9:51  Spire  
  92  9:59  Queen  
  94  10:10  Hatchery  
  94  10:11  Lurker x2  
  94  10:12  Lurker  
  94  10:13  Overseer  
  96  10:40  Zerg Missile Weapons Level 1  
  96  10:43  Lurker  
  96  10:44  Lurker x3  
  100  11:04  Greater Spire  
  100  11:09  Seismic Spines  
  100  11:24  Adrenal Glands  
  100  11:54  Hydralisk x3  
  100  11:55  Hydralisk x7  
  100  11:57  Overlord  
  100  11:58  Overlord x6  
  120  12:05  Hatchery  
  120  12:06  Adaptive Talons  
  118  12:25  Hydralisk x10  
  105  12:47  Zergling x2  
  105  12:48  Zergling x28  
  99  12:57  Lurker x5  
  85  13:24  Zergling x30  
  87  13:30  Spore Crawler  
  87  13:41  Zergling x10  
  70  13:58  Zergling x12  
  74  14:07  Centrifical Hooks  
  74  14:11  Zergling x26  
  87  14:17  Corruptor x3  
  87  14:22  Baneling  
  87  14:23  Baneling x17  
  93  14:26  Hydralisk x4  
  84  14:52  Hydralisk x8  
  93  15:02  Brood Lord  
  95  15:11  Hydralisk x2  
  93  15:17  Zergling x2  
  93  15:18  Zergling x36  
Show
View Real Time Build Order
Export as new Build Order

Thalinden Terran 

Build Orders: 2 Factory, Mech 

Get SALT Encoding   

  12  0:00  SCV  
  13  0:12  SCV  
  14  0:19  Supply Depot  
  14  0:24  SCV  
  15  0:40  SCV  
  15  0:42  Barracks  
  16  0:46  Refinery  
  16  0:52  SCV  
  17  1:04  SCV  
  18  1:16  SCV  
  19  1:28  Orbital Command  
  19  1:50  Supply Depot, Command Center  
  19  1:54  SCV  
  20  2:06  SCV  
  21  2:11  Barracks Tech Lab  
  21  2:15  Factory  
  21  2:18  SCV  
  22  2:30  SCV  
  22  2:36  Refinery  
  23  2:42  SCV  
  24  2:54  SCV  
  25  3:01  Barracks Reactor, Factory  
  25  3:04  Command Center  
  25  3:07  Orbital Command  
  25  3:11  SCV  
  26  3:19  Siege Tank  
  29  3:24  SCV  
  30  3:29  Engineering Bay  
  30  3:34  SCV  
  30  3:36  SCV  
  32  3:47  SCV  
  33  3:48  SCV  
  33  3:55  Siege Tank  
  37  3:58  Missile Turret  
  37  4:04  SCV x2  
  37  4:08  Supply Depot  
  39  4:14  Missile Turret  
  39  4:16  SCV x2  
  41  4:22  Armory  
  41  4:30  Siege Tank  
  44  4:32  Hellion x2  
  44  4:37  SCV x2  
  50  4:43  Refinery  
  50  4:44  Refinery  
  50  4:49  SCV x2  
  52  4:57  Supply Depot  
  52  5:01  SCV  
  52  5:02  SCV  
  52  5:04  Siege Tank  
  57  5:10  Armory  
  57  5:13  SCV  
  57  5:14  SCV  
  55  5:36  Hellbat x2  
  59  5:46  SCV  
  59  5:47  SCV  
  59  5:48  Orbital Command  
  61  5:54  Thor  
  67  5:58  Factory, SCV  
  67  5:59  SCV  
  69  6:20  Hellbat x2  
  69  6:23  Terran Vehicle And Ship Armor Level 1, Terran Vehicle Weapons Level 1  
  69  6:25  SCV x3  
  76  6:49  SCV  
  76  6:50  Hellion x4  
  77  6:56  Factory Tech Lab  
  77  6:59  Supply Depot  
  77  7:05  Supply Depot  
  77  7:20  Thor  
  77  7:21  SCV x2  
  85  7:26  Thor, SCV  
  85  7:27  Supply Depot  
  85  7:29  Infernal Pre-Igniter  
  92  7:30  Smart Servos  
  92  7:33  Supply Depot, SCV  
  93  7:40  Command Center  
  93  7:43  Missile Turret  
  93  7:49  Hellbat x2, SCV x3  
  100  7:54  Supply Depot  
  100  7:57  Factory  
  100  8:01  SCV  
  100  8:03  SCV x2  
  100  8:04  Thor  
  109  8:09  Hellbat  
  109  8:10  Hellbat  
  113  8:18  Refinery x2  
  113  8:23  Command Center  
  113  8:32  Thor  
  113  8:33  Hellbat  
  113  8:34  Hellbat  
  123  8:45  SCV x2  
  123  8:46  SCV  
  123  8:47  Thor  
  132  9:19  Thor, Factory Tech Lab  
  132  9:21  Hellbat x2  
  142  9:25  Factory  
  142  9:29  Factory  
  142  9:33  Factory  
  142  9:35  Thor  
  142  9:37  Terran Vehicle And Ship Armor Level 2, Terran Vehicle Weapons Level 2  
  148  9:40  Hi-Sec Auto Tracking  
  148  10:04  Orbital Command  
  148  10:05  SCV  
  148  10:06  SCV x2  
  151  10:16  Factory Reactor  
  151  10:17  Factory Tech Lab  
  151  10:19  Factory Tech Lab  
  151  10:40  Thor x4  
  175  10:52  Missile Turret  
  175  10:53  Missile Turret x2  
  175  10:55  Missile Turret  
  175  10:57  Missile Turret  
  175  11:09  Missile Turret  
  175  11:17  Missile Turret  
  175  11:18  Missile Turret  
  175  11:20  Missile Turret  
  175  11:22  Missile Turret x2  
  175  11:24  Missile Turret  
  175  11:25  Missile Turret  
  175  11:26  Missile Turret x2  
  175  11:27  Missile Turret  
  175  11:29  Planetary Fortress  
  175  11:30  Missile Turret  
  172  11:45  SCV x4  
  176  12:07  SCV x3  
  179  12:15  SCV x2  
  169  12:16  Thor x5  
  169  12:18  Hellbat x3  
  169  12:19  Hellbat  
  166  12:52  Hellbat x3  
  166  12:53  Hellbat  
  166  12:56  Terran Vehicle And Ship Armor Level 3, Terran Vehicle Weapons Level 3  
  168  12:58  Thor  
  160  13:15  Thor x4  
  160  13:16  Hellbat  
  160  13:17  Hellbat x3  
  166  13:47  Thor, Refinery  
  174  13:48  Hellbat x2  
  174  13:49  Hellbat x2, Refinery  
  180  14:04  Thor x2  
  190  14:24  Thor  
  192  14:47  Hellbat  
  194  15:22  Hellbat  
  194  15:24  Hellbat  
  194  15:26  Hellbat  
  194  15:28  Hellbat  
Show
View Real Time Build Order
Export as new Build Order

Voidwalker Protoss 

Build Orders: 1 Gate Expand 

Get SALT Encoding   

  12  0:00  Probe  
  13  0:12  Probe  
  14  0:18  Pylon  
  14  0:24  Probe  
  15  0:37  Probe (Chrono Boost)  
  15  0:38  Gateway  
  16  0:49  Probe (Chrono Boost)  
  17  0:52  Assimilator  
  17  0:56  Probe (Chrono Boost)  
  18  1:03  Probe  
  19  1:15  Probe  
  20  1:29  Cybernetics Core  
  20  1:37  Nexus  
  20  1:41  Probe (Chrono Boost)  
  21  1:52  Probe (Chrono Boost)  
  22  1:57  Probe (Chrono Boost)  
  23  2:01  Gateway  
  23  2:13  Warp Gate  
  23  2:14  Assimilator  
  23  2:23  Pylon  
  23  2:36  Forge  
  23  2:41  Probe (Chrono Boost)  
  24  2:50  Probe (Chrono Boost)  
  24  2:51  Pylon  
  25  2:55  Assimilator, Probe (Chrono Boost)  
  25  2:58  Probe (Chrono Boost)  
  28  3:06  Stalker  
  28  3:07  Probe (Chrono Boost)  
  28  3:08  Stalker  
  28  3:12  Probe (Chrono Boost)  
  33  3:13  Probe (Chrono Boost)  
  33  3:19  Probe (Chrono Boost)  
  36  3:27  Probe (Chrono Boost)  
  36  3:28  Robotics Facility, Probe (Chrono Boost)  
  36  3:33  Probe x2  
  38  3:38  Protoss Ground Weapons Level 1  
  39  3:45  Probe  
  39  3:46  Probe  
  41  3:57  Probe (Chrono Boost)  
  43  4:03  Sentry, Probe (Chrono Boost)  
  43  4:04  Sentry  
  43  4:07  Probe (Chrono Boost)  
  48  4:11  Probe (Chrono Boost)  
  48  4:12  Probe (Chrono Boost)  
  50  4:18  Gateway  
  50  4:20  Gateway  
  50  4:22  Probe  
  51  4:31  Probe, Nexus  
  52  4:33  Pylon  
  52  4:34  Probe  
  52  4:35  Pylon  
  52  4:36  Assimilator  
  53  4:52  Stalker x2  
  57  4:55  Shield Battery  
  57  5:00  Photon Cannon  
  57  5:01  Photon Cannon  
  57  5:03  Photon Cannon  
  57  5:08  Assimilator  
  57  5:18  Stalker  
  57  5:19  Stalker  
  57  5:20  Stalker x2  
  50  5:44  Probe (Chrono Boost)  
  50  5:45  Probe (Chrono Boost)  
  52  5:54  Probe (Chrono Boost)  
  52  5:55  Probe (Chrono Boost)  
  54  5:59  Probe x2 (Chrono Boost)  
  54  6:03  Probe (Chrono Boost)  
  58  6:14  Probe x2 (Chrono Boost)  
  58  6:16  Probe (Chrono Boost)  
  59  6:24  Probe (Chrono Boost)  
  58  6:26  Probe x2 (Chrono Boost)  
  58  6:30  Pylon  
  58  6:31  Pylon  
  58  6:32  Probe (Chrono Boost)  
  59  6:35  Probe (Chrono Boost)  
  59  6:39  Probe (Chrono Boost)  
  61  6:43  Stalker  
  61  6:44  Stalker x2  
  61  6:45  Probe (Chrono Boost)  
  69  6:47  Probe (Chrono Boost)  
  69  6:50  Pylon  
  69  6:53  Pylon  
  69  7:07  Probe (Chrono Boost)  
  69  7:08  Probe (Chrono Boost)  
  72  7:09  Probe (Chrono Boost)  
  72  7:17  Probe x2 (Chrono Boost)  
  72  7:18  Probe (Chrono Boost)  
  72  7:22  Stalker x3, Probe x3 (Chrono Boost)  
  81  7:23  Stalker  
  86  7:32  Photon Cannon  
  86  7:34  Shield Battery  
  86  7:37  Gateway  
  86  7:39  Gateway  
  86  7:42  Gateway  
  86  7:46  Probe x3  
  89  7:52  Assimilator  
  89  7:58  Forge, Probe x3  
  91  8:00  Forge  
  91  8:04  Photon Cannon  
  92  8:08  Photon Cannon  
  92  8:12  Pylon  
  92  8:21  Protoss Ground Armor Level 1  
  92  8:26  Twilight Council  
  92  8:28  Protoss Air Weapons Level 1  
  92  8:31  Zealot  
  92  8:32  Zealot x2  
  92  8:33  Zealot  
  104  8:51  Observer  
  101  8:57  Pylon  
  101  9:03  Photon Cannon  
  101  9:05  Photon Cannon  
  101  9:12  Observer  
  102  9:34  Immortal  
  106  10:19  Nexus  
  106  10:22  Pylon  
  106  10:24  Pylon x2  
  106  10:43  Photon Cannon  
  106  10:45  Photon Cannon  
  106  10:47  Photon Cannon  
  106  10:48  Photon Cannon  
  106  10:55  Shield Battery  
  106  10:59  Probe x3  
  109  11:05  Protoss Ground Armor Level 2, Protoss Shields Level 1, Protoss Ground Weapons Level 2  
  109  11:11  Probe x3  
  111  11:15  Stargate  
  112  11:18  Stargate  
  112  11:22  Protoss Air Armor Level 1  
  112  11:24  Immortal  
  113  12:03  Immortal  
  95  12:39  Stalker x2  
  95  12:40  Stalker x3  
  95  12:41  Stalker x2  
  95  12:43  Immortal  
  101  12:45  Probe x3  
  98  12:57  Probe x3  
  101  13:01  Pylon  
  101  13:03  Pylon  
  101  13:09  Probe x2  
  101  13:10  Probe, Blink  
  104  13:21  Probe x2  
  104  13:22  Assimilator, Probe  
  104  13:26  Assimilator  
  107  13:31  Warp Prism  
  109  13:35  Stalker x2  
  109  13:36  Stalker x3  
  109  13:37  Stalker x2  
  123  13:43  Gateway  
  123  13:46  Gateway  
  123  13:48  Gateway  
  123  14:07  Gateway, Warp Prism  
  123  14:08  Gateway  
  125  14:20  Void Ray x2  
  133  14:43  Immortal  
  137  14:45  Nexus  
  137  14:47  Pylon  
  137  14:48  Zealot  
  137  14:49  Pylon  
  137  14:52  Stalker x2  
  141  14:53  Stalker x2  
  141  14:54  Stalker  
  141  14:55  Stalker x3  
  141  14:56  Stalker  
  155  15:03  Void Ray x2  
  161  15:22  Observer  
  160  15:38  Stalker x3  
  160  15:39  Stalker x2  
  160  15:40  Stalker x3  
  160  15:41  Stalker  
  160  15:42  Stalker x3  
Show
View Real Time Build Order
Export as new Build Order

Majandra Zerg 

Build Orders: Hatch First, Roach Hydra 

Get SALT Encoding   

  12  0:01  Drone  
  13  0:14  Overlord  
  13  0:16  Drone  
  14  0:33  Drone x2  
  16  0:53  Drone  
  16  0:55  Hatchery  
  16  0:57  Drone  
  16  1:01  Drone  
  18  1:17  Spawning Pool  
  17  1:19  Extractor  
  17  1:20  Drone  
  17  1:24  Drone  
  18  1:30  Drone  
  19  1:41  Drone  
  20  1:51  Drone  
  21  2:02  Overlord  
  21  2:06  Queen  
  23  2:09  Queen  
  23  2:10  Drone  
  26  2:15  Drone  
  27  2:26  Drone x2  
  29  2:32  Roach Warren, Drone  
  29  2:35  Drone  
  30  2:48  Drone  
  30  2:51  Drone  
  32  3:00  Hatchery  
  32  3:02  Drone  
  32  3:03  Drone x2  
  34  3:07  Lair  
  34  3:12  Overlord  
  34  3:17  Drone  
  34  3:18  Drone  
  36  3:26  Overlord  
  36  3:28  Overlord  
  36  3:29  Overlord  
  36  3:37  Drone x5  
  41  3:41  Extractor  
  41  3:43  Extractor  
  41  3:45  Drone  
  40  3:57  Extractor  
  40  3:58  Roach x2  
  40  3:59  Roach x3  
  40  4:01  Roach  
  51  4:09  Roach  
  53  4:16  Roach  
  55  4:18  Drone x2  
  55  4:20  Drone  
  55  4:22  Drone  
  55  4:23  Drone x2  
  61  4:27  Drone x3  
  64  4:32  Roach  
  64  4:38  Drone x3  
  69  4:44  Evolution Chamber  
  68  4:45  Evolution Chamber  
  67  4:53  Hydralisk Den  
  67  4:59  Drone x6  
  73  5:00  Drone x2  
  73  5:04  Overlord  
  73  5:05  Overlord  
  73  5:06  Overlord  
  74  5:07  Overlord  
  74  5:08  Overlord  
  74  5:13  Zerg Missile Weapons Level 1  
  74  5:23  Roach x5  
  74  5:28  Glial Reconstitution  
  84  5:37  Roach x2  
  84  5:38  Roach x3  
  87  5:55  Roach x5  
  87  5:56  Roach x2  
  95  6:05  Hydralisk x2  
  99  6:13  Hydralisk  
  99  6:14  Hydralisk  
  103  6:18  Drone x2  
  105  6:27  Hydralisk x2  
  109  6:33  Grooved Spines  
  109  6:37  Drone x2  
  109  6:38  Drone  
  102  6:48  Hydralisk x3  
  93  7:02  Drone x2  
  93  7:03  Drone x4  
  99  7:11  Spine Crawler  
  99  7:12  Spine Crawler, Drone x2  
  99  7:22  Drone x4  
  103  7:23  Drone x2  
  103  7:26  Queen  
  103  7:29  Queen  
  109  7:33  Drone x2  
  109  7:35  Drone  
  112  7:37  Drone  
  113  7:45  Muscular Augments  
  113  7:47  Spire  
  113  7:49  Infestation Pit  
  113  7:50  Zerg Ground Armor Level 1  
  111  7:56  Drone x2  
  111  7:57  Drone  
  114  7:59  Overlord x3  
  114  8:01  Overlord  
  114  8:03  Overlord  
  114  8:20  Drone x2  
  114  8:22  Drone  
  114  8:23  Drone  
  114  8:26  Extractor  
  117  8:29  Drone x3  
  117  8:30  Extractor  
  117  8:33  Drone x3  
  122  8:53  Drone  
  123  8:58  Drone  
  123  8:59  Drone  
  125  9:04  Mutalisk x3  
  125  9:05  Mutalisk x3  
  125  9:08  Hatchery  
  136  9:19  Hydralisk x3  
  136  9:20  Hydralisk  
  136  9:21  Hydralisk  
  146  9:25  Hydralisk  
  148  9:47  Overlord x5  
  148  9:48  Overlord x4  
  148  9:58  Drone x2  
  148  9:59  Drone  
  151  10:04  Drone x2  
  153  10:11  Drone x2  
  153  10:12  Drone  
  156  10:20  Hydralisk  
  156  10:21  Hydralisk  
  158  10:24  Hydralisk x4  
  168  10:32  Drone x2  
  168  10:33  Drone x3  
  173  10:36  Drone  
  174  10:44  Drone x2  
  174  10:48  Drone x3  
  179  10:50  Hydralisk x2, Drone  
  179  10:51  Hydralisk x2  
  179  10:56  Extractor  
  187  10:57  Extractor  
  186  11:20  Hydralisk x6  
  186  11:21  Hydralisk  
  200  12:02  Hydralisk  
  188  12:21  Hydralisk x2  
  188  12:22  Hydralisk x6  
  182  12:33  Hydralisk x3  
  182  12:34  Hydralisk x6  
  182  12:35  Hydralisk x6  
  200  12:40  Hydralisk x5  
  200  12:41  Hydralisk  
  186  12:49  Hydralisk x3  
  174  12:59  Hydralisk x4  
  182  13:07  Hydralisk x3  
  182  13:12  Hydralisk  
  162  13:29  Hydralisk x2  
  162  13:30  Hydralisk x5  
  166  13:37  Hydralisk x3  
  170  13:43  Hydralisk x2  
  170  13:47  Hydralisk  
  176  13:49  Hydralisk  
  174  13:57  Hydralisk x3  
  176  14:08  Hydralisk x2  
  176  14:09  Hydralisk x2  
  184  14:15  Hatchery  
  177  14:20  Hydralisk x5  
  177  14:21  Hydralisk x2  
  153  14:37  Hydralisk x3  
  153  14:38  Hydralisk x3  
  159  14:42  Hydralisk x3  
  159  14:43  Hydralisk x2  
  145  14:56  Hydralisk x5  
  145  14:57  Hydralisk  
  155  15:03  Hydralisk  
  155  15:04  Hydralisk  
  159  15:09  Hydralisk x2  
  159  15:11  Hydralisk  
  165  15:15  Hydralisk  
  165  15:17  Hydralisk x2  
Tags
 
Add a new tag
Caveats
  • Supply blocks, unpowered buildings, or Contaminate may cause inaccurate times.
  • Supply counts are checked every 10 seconds.